Map: [ESL] NeoHumanity

Players

Cure

  • Race: Terran Terran

RagnaroK (SHIN) - Winner!

  • Race: Zerg Zerg

Event: IEM Katowice 2023

VOD

Have the link to the VOD?

Description

Time

  • Played on: Feb. 10, 2023, 9:33 a.m.
  • Length: 3:22

All games in this series

Show
View Real Time Build Order
Export as new Build Order

Cure Terran 

Build Orders: Command Center First (CC) 

Get SALT Encoding   

  12  0:00  SCV  
  13  0:12  SCV  
  14  0:17  Supply Depot  
  14  0:24  SCV  
  15  0:38  SCV  
  16  0:50  SCV  
  17  0:57  Command Center  
  17  1:03  SCV  
  18  1:10  Barracks  
  18  1:15  SCV  
  19  1:27  SCV  
  20  1:39  SCV  
  21  1:47  Command Center  
  21  1:51  SCV  
  22  1:57  Marine  
  23  2:03  Orbital Command  
  23  2:10  Orbital Command  
  23  2:15  Marine  
  24  2:22  Refinery  
  24  2:24  Refinery  
  24  2:29  SCV  
  25  2:33  Marine  
  25  2:36  SCV  
  27  2:41  SCV  
  28  2:44  Refinery  
  28  2:45  Refinery  
  28  2:48  SCV  
  28  2:50  Marine  
  30  2:53  SCV  
  31  3:00  Bunker, SCV  
  32  3:05  SCV  
Show
View Real Time Build Order
Export as new Build Order

RagnaroK Zerg - Winner!

Build Orders: Pool First 

Get SALT Encoding   

  12  0:00  Drone  
  13  0:07  Drone  
  14  0:16  Overlord  
  14  0:35  Drone x3  
  17  0:39  Extractor  
  16  0:45  Drone  
  16  0:48  Spawning Pool  
  16  0:56  Drone  
  17  1:08  Drone  
  18  1:17  Hatchery  
  17  1:20  Drone  
  18  1:35  Zergling x2  
  18  1:39  Zergling x2  
  20  1:40  Metabolic Boost  
  20  1:45  Queen  
  22  1:52  Overlord  
  22  2:12  Zergling x4  
  24  2:21  Queen  
  26  2:23  Zergling x2  
  26  2:29  Zergling x2  
  28  2:31  Queen  
  28  2:33  Drone  
  31  2:40  Overlord  
  31  2:44  Drone  
  31  2:50  Drone  
  33  2:52  Drone x2  
  33  2:53  Drone  
  33  2:56  Overlord  
  36  3:01  Drone  
  37  3:07  Drone  

Tags
 
Add a new tag
Caveats
  • Supply blocks, unpowered buildings, or Contaminate may cause inaccurate times.
  • Supply counts are checked every 10 seconds.